 Dungeon Crawl Stone Soup version 0.25-a0-294-gea9b1ad378 (webtiles) character file.

Game seed: 17792644625515362720, levelgen mode: classic

604 Borgoz the Covered (level 7, 0/44 HPs)
             Began as a Gargoyle Fighter on Dec 18, 2019.
             Was an Initiate of Ashenzari.
             Shot with an arrow by a centaur (4 damage)
             ... on level 5 of the Dungeon.
             The game lasted 00:05:59 (4354 turns).

Borgoz the Covered (Gargoyle Fighter)               Turns: 4354, Time: 00:06:00

Health: 0/44       AC: 14    Str: 19      XL:     7   Next: 42%
Magic:  7/7        EV: 11    Int:  9      God:    Ashenzari [......]
Gold:   183        SH:  0    Dex: 17 (18) Spells: 6/6 levels left

rFire    . . .     SeeInvis .   a - +0 long sword
rCold    . . .     Gourm    .   (no shield)
rNeg     + . .     Faith    .   b - +0 scale mail
rPois    ∞         Spirit   .   i - +0 helmet
rElec    +         Reflect  .   (no cloak)
rCorr    .         Harm     .   l - +0 pair of gloves
MR       .....                  (no boots)
Stlth    ..........             m - amulet of inaccuracy (curse)
HPRegen  0.14/turn              c - +2 ring of dexterity
MPRegen  0.10/turn              k - +5 ring of dexterity

@: no status effects
A: negative energy resistance 1, electricity resistance, unbreathing,
petrification resistance, rot immunity, AC +4
a: Curse Item, Renounce Religion


You were on level 5 of the Dungeon.
You worshipped Ashenzari.
Ashenzari was noncommittal.
You were not hungry.

You visited 1 branch of the dungeon, and saw 5 of its levels.

You collected 183 gold pieces.

Inventory:

Hand Weapons
 a - a +0 long sword (weapon)
Armour
 b - a +0 scale mail (worn)
 i - a +0 helmet (worn)
 l - a +0 pair of gloves (worn)
Jewellery
 c - a +2 ring of dexterity (left hand)
 k - a +5 ring of dexterity (right hand)
 m - a cursed amulet of inaccuracy (around neck)
Wands
 n - a wand of disintegration (4)
 p - a wand of random effects (10)
Scrolls
 e - a scroll of magic mapping
 h - a scroll of teleportation
 q - a scroll of identify
Potions
 d - a potion of curing
 g - a potion of agility
 j - 2 potions of magic
Comestibles
 f - 4 rations
 o - a chunk of flesh


   Skills:
 + Level 5.0 Fighting
 * Level 4.7 Long Blades
 + Level 5.0 Armour
 + Level 2.3 Dodging
   Level 3.5 Shields


You had 6 spell levels left.
You didn't know any spells.
Your spell library was empty.

Dungeon Overview and Level Annotations

Branches:
Dungeon (5/15)
 Temple: D:4-7

Altars:
Ashenzari


Innate Abilities, Weirdness & Mutations

You are resistant to torment.
Your stone body is resilient. (AC +4)
You are immune to poison.
You resist negative energy. (rN+)
You are resistant to electric shocks. (rElec)
You can survive without breathing.
You are immune to petrification.
You are immune to rotting.


Message History

You see here an arrow.
The orc hits you but does no damage.
The centaur wields a +0 shortbow.
The centaur shoots an arrow.
The arrow hits you.
* * * LOW HITPOINT WARNING * * *
The centaur shoots an arrow.
The arrow hits you.
* * * LOW HITPOINT WARNING * * *
You see here an arrow.
Things that are here:
a +0 giant club; an ogre skeleton You barely miss the orc.
The orc is moderately wounded.
The orc closely misses you.
You riposte.
You closely miss the orc.
The orc is moderately wounded.
You slash the orc!
You kill the orc!
The centaur shoots an arrow.
The arrow hits you.
* * * LOW HITPOINT WARNING * * *
The centaur shoots an arrow.
The arrow hits you.
You die...

#####
....###.........
....# ...
#.!....... ....#
. #.........
....####
#.........
.......# #.
#o........
.......# #.
#oo.......
.......#
..#c#######.
#......# #.#)#
#......#
#.#@######
#......#
#........+
#......#####
##..######
...........#
#..######..
##########.#
#.>.....'.. #.#
##.######..
#.#####.#
#.).....#
#.#######


You could see a centaur and 3 orcs.

Vanquished Creatures
  An ogre (D:5)
  A scorpion (D:4)
  A crimson imp (D:5)
  2 orc priests (D:4)
  2 centaur skeletons (D:5)
  2 orc wizards (D:4)
  4 worker ants
  4 adders
  A shadow imp (D:5)
  An ooze (D:1)
  3 adder skeletons
  2 worms
  4 dart slugs
  2 leopard geckos
  14 orcs
  6 giant cockroaches
  4 goblins
  9 hobgoblins
  11 jackals
  6 kobolds
  4 quokkas
  9 bats
  4 frilled lizards
  6 rats
103 creatures vanquished.

Notes
Turn   | Place    | Note
-------+----------+-------------------------------------------
     0 | D:1      | Borgoz the Gargoyle Fighter began the quest for the Orb.
     0 | D:1      | Reached XP level 1. HP: 14/14 MP: 1/1
    83 | D:1      | Reached XP level 2. HP: 15/19 MP: 2/2
   488 | D:1      | Reached XP level 3. HP: 23/23 MP: 3/3
  1259 | D:2      | Reached XP level 4. HP: 28/29 MP: 4/4
  2072 | D:3      | Reached XP level 5. HP: 25/33 MP: 5/5
  2464 | D:4      | Reached skill level 1 in Dodging
  2756 | D:3      | Reached XP level 6. HP: 35/38 MP: 6/6
  2831 | D:4      | Found a shattered altar of Ashenzari.
  2881 | D:4      | Became a worshipper of Ashenzari the Shackled
  3928 | D:5      | Entered Level 5 of the Dungeon
  4006 | D:5      | Reached XP level 7. HP: 43/44 MP: 7/7
  4242 | D:5      | Reached skill level 5 in Fighting
  4242 | D:5      | Reached skill level 5 in Armour
  4354 | D:5      | Shot with an arrow by a centaur

Levels and vault maps discovered:
D:1:      dpeg_arrival_round_c, layout_basic
D:2:      layout_basic, serial_park_tiny_2
D:3:      layout_loops_ring
D:4:      layout_cave_pods, cheibrodos_ashenzari_chains, first_ration,
          nrook_mini_vaults, serial_bayou_pond_b
D:5:      minmay_chambers_of_fours, layout_basic, dancing_weapons_uskayaw,
          old_standard_altar

Skill      XL: |  1  2  3  4  5  6  7 |
---------------+----------------------+-----
Long Blades    | 2 3 4 |  4.7
Armour         | 4 5 |  5.0
Fighting       | 4 5 |  5.0
Dodging        | 1 2 |  2.3
Shields        | |  3.5

Action                   |  1- 3 |  4- 6 |  7- 9 || total
-------------------------+-------+-------+-------++-------
Melee: Long sword        |   131 |   269 |    73 ||   473
  Use: Scroll            |       |     4 |     3 ||     7
       Potion            |       |     4 |       ||     4
  Eat: Chunk             |     1 |     7 |     1 ||     9
       Ration            |       |     1 |       ||     1
Armor: Scale mail        |   108 |   215 |    57 ||   380
       Skin              |       |    24 |       ||    24
Dodge: Dodged            |    71 |   183 |    71 ||   325
Block: Shield            |    38 |       |       ||    38
       Rpst.: Long sword |    24 |    62 |    22 ||   108

Table legend:
 A = Non-vault XP
 B = Vault XP
 C = Vault XP percentage of total XP
 D = Non-vault monster count
 E = Vault monster count
 F = Vault count percentage of total count
                 A         B        C        D         E       F
            +---------+---------+-------+---------+---------+-------
      Total |     862 |       2 |   0.2 |     102 |       1 |   1.0
            +---------+---------+-------+---------+---------+-------
        D:1 |      49 |       0 |   0.0 |      25 |       0 |   0.0
        D:2 |      63 |       0 |   0.0 |      25 |       0 |   0.0
        D:3 |     101 |       0 |   0.0 |      22 |       0 |   0.0
        D:4 |     375 |       2 |   0.5 |      21 |       1 |   4.5
        D:5 |     274 |       0 |   0.0 |       9 |       0 |   0.0
            +---------+---------+-------+---------+---------+-------
